 Dungeon Crawl Stone Soup version 0.28.0-53-g5a82cb258f (webtiles) character file.

Game seed: 17253143270300376476

58 Gabide the Ducker (level 4, 0/41 HPs)
             Began as a Gnoll Monk on May 30, 2022.
             Slain by a gnoll
             ... wielding a +0 club
              (9 damage)
             ... on level 2 of the Dungeon.
             The game lasted 00:01:27 (1792 turns).

Gabide the Ducker (Gnoll Monk)                      Turns: 1792, Time: 00:01:28

Health: 0/41       AC:  2    Str: 10    XL:     4   Next: 2%
Magic:  5/5        EV: 15    Int: 10    God:
Gold:   62         SH:  0    Dex: 16    Spells: 5/5 levels left

rFire   . . .      SeeInvis .   a - +0 spear
rCold   . . .      Faith    .   (no shield)
rNeg    . . .      Spirit   .   b - +0 robe
rPois   .          Reflect  .   (no helmet)
rElec   .          Harm     .   (no cloak)
rCorr   .          Rampage  .   (no gloves)
Will    .....                   (no boots)
Stlth   +++.......              (no amulet)
HPRegen 0.13/turn               (no ring)
MPRegen 0.09/turn               (no ring)

@: no status effects
A: fangs 1, strong nose, distributed training
a: no special abilities


You were on level 2 of the Dungeon.
You visited 1 branch of the dungeon, and saw 3 of its levels.

You collected 62 gold pieces.

Inventory:

Hand Weapons
 a - a +0 spear (weapon)
 n - a +0 bardiche
Armour
 b - a +0 robe (worn)
 e - an orb of guile
Scrolls
 c - 2 scrolls of magic mapping {unknown}
 f - a scroll of enchant armour {unknown}
 g - 2 scrolls of fog {unknown}
 h - a scroll of acquirement {unknown}
 j - 2 scrolls of identify {unknown}
 k - 4 scrolls of holy word {unknown}
 l - a scroll of teleportation {unknown}
Potions
 d - 2 potions of berserk rage {unknown}
 i - 2 potions of heal wounds {unknown}
 m - a potion of lignification {unknown}


   Skills:
 + Level 6.5 Fighting
 + Level 1.0 Short Blades
 + Level 1.0 Long Blades
 + Level 1.0 Axes
 + Level 1.0 Maces & Flails
 + Level 6.5 Polearms
 + Level 1.0 Staves
 + Level 1.0 Slings
 + Level 1.0 Bows
 + Level 1.0 Crossbows
 + Level 1.0 Throwing
 + Level 1.0 Armour
 + Level 6.5 Dodging
 + Level 4.2 Stealth
 + Level 1.0 Shields
 + Level 1.0 Unarmed Combat
 + Level 1.0 Spellcasting
 + Level 0.7 Conjurations
 + Level 0.7 Hexes
 + Level 0.7 Summonings
 + Level 0.7 Necromancy
 + Level 0.7 Translocations
 + Level 0.7 Transmutations
 + Level 0.7 Fire Magic
 + Level 0.7 Ice Magic
 + Level 0.7 Air Magic
 + Level 0.7 Earth Magic
 + Level 0.7 Poison Magic
 + Level 1.1 Invocations
 + Level 1.0 Evocations


You had 5 spell levels left.
You didn't know any spells.
Your spell library contained the following spells:

 Spells                   Type           Power      Damage    Failure   Level
 Conjure Flame            Conj/Fire      2%         6-21      58%         3
 Ignite Poison            Fire/Tmut/Pois 2%         N/A       58%         3
 Sticky Flame             Conj/Fire      2%         2d3       94%         4


Dungeon Overview and Level Annotations

Branches:
Dungeon (3/15)

Altars:

Shops:
D:3 [

Annotations:
D:3 1 transporter, DildoBatman's ghost, amateur FoCj


Innate Abilities, Weirdness & Mutations

You have very sharp teeth.
Your uncanny sense of smell can sniff out nearby items.
Your experience applies equally to all skills.


Message History

Your Throwing skill increases to level 1!
Your Armour skill increases to level 1!
Your Shields skill increases to level 1!
Your Unarmed Combat skill increases to level 1!
Your Spellcasting skill increases to level 1!
Your Evocations skill increases to level 1!
You have reached level 4!
You feel clever.
You closely miss the gnoll. Your bite misses the gnoll.
The gnoll hits you with a +0 club!
* * * LOW HITPOINT WARNING * * *
You hit the gnoll.
The gnoll is lightly wounded.
You hit the gnoll.
The gnoll is heavily wounded.
The gnoll closely misses you.
You hit the gnoll but do no damage.
The gnoll is heavily wounded.
The gnoll hits you with a +0 club.
* * * LOW HITPOINT WARNING * * *
There is a stone staircase leading up here.
The gnoll closely misses you.
You climb upwards.
There is a stone staircase leading down here.
You barely miss the gnoll.
The gnoll is moderately wounded.
The gnoll hits you with a +0 club.
* * * LOW HITPOINT WARNING * * *
You barely miss the gnoll. Your bite misses the gnoll.
The gnoll is moderately wounded.
You hit the gnoll.
The gnoll is severely wounded.
The gnoll misses you.
You hit the gnoll but do no damage.
The gnoll is severely wounded.
The gnoll barely misses you.
You hit the gnoll.
The gnoll is severely wounded.
The gnoll hits you with a +0 club!
You die...

###
########.#####################
#....>........##.............#
#.####.....##.##.###########.####
............#.##.# #...........#
..............##.# #........(...
..#####...##..##@# #..#####.#.##
..######.###..##g# #..# #.#.#
#<............##.# #..# #.#†#
..#####.#.##..##.# #..# #.#.#
..#####.#......#.####..# #.#.#
..........##...#.#.....# #...#
..............<........#####.###
.#.####.#....................#
.#.## #.#..............#####.#


You could see a gnoll.

Vanquished Creatures
  3 adders
  A bat (D:1)
  3 endoplasms
  4 giant cockroaches (D:1)
  2 goblins
  5 hobgoblins (D:1)
  A quokka (D:2)
  5 ball pythons
  2 frilled lizards
  2 rats
28 creatures vanquished.

Notes
Turn   | Place    | Note
-------+----------+-------------------------------------------
     0 | D:1      | Gabide the Gnoll Monk began the quest for the Orb.
     0 | D:1      | Reached XP level 1. HP: 23/23 MP: 1/1
   234 | D:1      | Reached XP level 2. HP: 27/29 MP: 2/2
   758 | D:2      | Reached XP level 3. HP: 28/35 MP: 3/3
   975 | D:2      | Reached skill level 1 in Invocations
  1574 | D:3      | Found a transporter.
  1574 | D:3      | Noticed DildoBatman's ghost (amateur FoCj)
  1577 | D:3      | Noticed an ogre
  1580 | D:3      | Identified the +11 great mace "Zuvos" {vorpal, rCorr Dex+4}
  1580 | D:3      | Noticed an ogre
  1665 | D:3      | Found Wecoru's Armour Shop.
  1761 | D:3      | Reached skill level 1 in Short Blades
  1761 | D:3      | Reached skill level 1 in Long Blades
  1761 | D:3      | Reached skill level 1 in Axes
  1761 | D:3      | Reached skill level 1 in Maces & Flails
  1761 | D:3      | Reached skill level 1 in Staves
  1761 | D:3      | Reached skill level 1 in Slings
  1761 | D:3      | Reached skill level 1 in Bows
  1761 | D:3      | Reached skill level 1 in Crossbows
  1761 | D:3      | Reached skill level 1 in Throwing
  1761 | D:3      | Reached skill level 1 in Armour
  1761 | D:3      | Reached skill level 1 in Shields
  1761 | D:3      | Reached skill level 1 in Unarmed Combat
  1761 | D:3      | Reached skill level 1 in Spellcasting
  1761 | D:3      | Reached skill level 1 in Evocations
  1761 | D:3      | Reached XP level 4. HP: 18/41 MP: 5/5
  1792 | D:2      | Slain by a gnoll

Illustrated notes

Levels and vault maps discovered:
D:1:      minmay_arrival_four_houses, layout_rooms, serial_corexii_hall,
          chequers_hall_statues_corner_a, chequers_hall_statues_wall_a,
          minivault_11
D:2:      layout_loops_ring, minmay_misc_feat_room
D:3:      layout_basic, serial_shops, shop, gammafunk_ghost_smash

Skill      XL: |  1  2  3 |
---------------+----------+-----
Invocations    | 1 |  1.1
Short Blades   | 1 |  1.0
Long Blades    | 1 |  1.0
Axes           | 1 |  1.0
Maces & Flails | 1 |  1.0
Staves         | 1 |  1.0
Slings         | 1 |  1.0
Bows           | 1 |  1.0
Crossbows      | 1 |  1.0
Throwing       | 1 |  1.0
Armour         | 1 |  1.0
Shields        | 1 |  1.0
Unarmed Combat | 1 |  1.0
Spellcasting   | 1 |  1.0
Evocations     | 1 |  1.0
Fighting       | |  6.5
Polearms       | |  6.5
Dodging        | |  6.5
Stealth        | |  4.2
Conjurations   | |  0.7
Hexes          | |  0.7
Summonings     | |  0.7
Necromancy     | |  0.7
Translocations | |  0.7
Transmutations | |  0.7
Fire Magic     | |  0.7
Ice Magic      | |  0.7
Air Magic      | |  0.7
Earth Magic    | |  0.7
Poison Magic   | |  0.7

Action                   |  1- 3 |  4- 6 || total
-------------------------+-------+-------++-------
Melee: Spear             |   100 |     9 ||   109
       Bite              |    11 |       ||    11
       Punch             |     1 |       ||     1
 Stab: Sleeping          |    13 |       ||    13
Armor: Robe              |     2 |       ||     2
Dodge: Dodged            |    39 |     4 ||    43
